 Dungeon Crawl Stone Soup version 0.26-a0-1086-g9010512d90 (webtiles) character file.

Game seed: 8535398946946387495

145 stormannn the Skirmisher (level 5, -8/33 HPs)
             Began as a Gargoyle Fighter on Dec 15, 2020.
             Mangled by an ogre
             ... wielding a +0 giant club
              (21 damage)
             ... on level 3 of the Dungeon.
             The game lasted 00:03:38 (1751 turns).

stormannn the Skirmisher (Gargoyle Fighter)         Turns: 1751, Time: 00:03:39

Health: -8/33      AC: 13    Str: 20    XL:     5   Next: 27%
Magic:  5/5        EV:  7    Int:  9    God:
Gold:   113        SH: 14    Dex:  9    Spells: 4/4 levels left

rFire    x . .     SeeInvis .   i - +0 whip
rCold    + . .     Faith    .   c - +0 kite shield
rNeg     + . .     Spirit   .   b - +0 scale mail
rPois    ∞         Reflect  +   v - +0 helmet
rElec    +         Harm     .   (no cloak)
rCorr    .         Rampage  .   q - +0 pair of gloves
Will     .....                  (no boots)
Stlth    ..........             a - amulet of reflection
HPRegen  0.11/turn              l - ring of ice
MPRegen  0.09/turn              (no ring)

@: no status effects
A: negative energy resistance 1, electricity resistance, unbreathing,
petrification resistance, miasma immunity, AC +4
a: no special abilities


You were on level 3 of the Dungeon.
You visited 1 branch of the dungeon, and saw 3 of its levels.

You collected 113 gold pieces.

Inventory:

Hand Weapons
 i - a +0 whip (weapon)
Armour
 b - a +0 scale mail (worn)
 c - a +0 kite shield (worn)
 q - a +0 pair of gloves (worn)
 v - a +0 helmet (worn)
Jewellery
 a - an amulet of reflection (around neck)
 l - a ring of ice (left hand)
 m - an uncursed amulet of the acrobat {unknown}
Wands
 w - a wand of polymorph (14)
 y - a wand of iceblast (6)
Scrolls
 e - 3 scrolls of remove curse {unknown}
 g - 3 scrolls of teleportation {unknown}
 j - 2 scrolls of enchant weapon {unknown}
 o - a scroll of random uselessness {unknown}
 u - a scroll of amnesia {unknown}
 z - a scroll of identify {unknown}
Potions
 d - a potion of might
 f - a potion of brilliance {unknown}
 h - a potion of attraction {unknown}
 k - a potion of invisibility {unknown}
 n - 2 potions of lignification {unknown}
 p - a potion of magic {unknown}
 r - a potion of mutation {unknown}
 s - a potion of haste {unknown}
 t - a potion of curing {unknown}
 x - a potion of resistance {unknown}


   Skills:
 + Level 4.1 Fighting
 * Level 3.6 Maces & Flails
 + Level 4.0 Armour
 + Level 4.1 Shields


You had 4 spell levels left.
You didn't know any spells.
Your spell library was empty.

Dungeon Overview and Level Annotations

Branches:
Dungeon (3/15)

Altars:
Nemelex Xobeh
Xom
Zin


Innate Abilities, Weirdness & Mutations

You are resistant to torment.
Your stone body is resilient. (AC +4)
You are immune to poison.
You resist negative energy. (rN+)
You are resistant to electric shocks. (rElec)
You can survive without breathing.
You are immune to petrification.
You are immune to miasma.


Message History

Ouch! That really hurt!
You are too injured to fight recklessly!
You are too injured to fight recklessly!
You are too injured to fight recklessly!
You are too injured to fight recklessly!
You are too injured to fight recklessly!
You are too injured to fight recklessly!
You are too injured to fight recklessly!
You are too injured to fight recklessly!
You are too injured to fight recklessly!
You are too injured to fight recklessly!
You are too injured to fight recklessly!
You hit the ogre but do no damage.
The ogre is heavily wounded.
You block the ogre's attack.
You hit the ogre but do no damage.
The ogre is heavily wounded.
The ogre hits you with a +0 giant club!!
Ouch! That really hurt!
You die...

. ..#.......#
#.##.#.####### ♣♣♣♣♣
#.##.#.##### .....♣
#..........# .....♣
#..._..>##.# ....♣♣
#.##.##.# .# #...♣
#.##..).##.#
#..†♣###.##.......#
#)†(O@#.##.......#
#(.†♣#.....<...#.##
#...♣######.#.##.#
....♣♣ #.#.##.#
.....♣ #......#
.....♣ ###.#### ♣♣♣♣♣
#†# ### ####### #.#
#.#####.#...#######.#


You could see an ogre.

Vanquished Creatures
  An iguana (D:3)
  Jessica (D:2)
  3 adders
  2 worms (D:2)
  2 dart slugs
  An orc (D:2)
  A giant cockroach (D:2)
  10 goblins
  5 hobgoblins
  6 jackals
  6 bats
  4 frilled lizards (D:2)
  7 kobolds
  8 rats
57 creatures vanquished.

Notes
Turn   | Place    | Note
-------+----------+-------------------------------------------
     0 | D:1      | stormannn the Gargoyle Fighter began the quest for the Orb.
     0 | D:1      | Reached XP level 1. HP: 14/14 MP: 1/1
   126 | D:1      | Reached XP level 2. HP: 19/19 MP: 2/2
   644 | D:2      | Reached XP level 3. HP: 22/23 MP: 3/3
   660 | D:2      | Noticed Jessica
   672 | D:2      | Killed Jessica
   796 | D:2      | Reached XP level 4. HP: 29/29 MP: 4/4
  1191 | D:2      | Found a glowing silver altar of Zin.
  1191 | D:2      | Found a sparkling altar of Nemelex Xobeh.
  1446 | D:3      | Reached XP level 5. HP: 23/33 MP: 5/5
  1630 | D:3      | Found a shimmering altar of Xom.
  1728 | D:3      | Noticed an ogre
  1751 | D:3      | Mangled by an ogre

Illustrated notes

Levels and vault maps discovered:
D:1:      ncdulo_smallfort, layout_basic, nrook_mini_backslash
D:2:      layout_rooms, nicolae_overflow_hidden_temple, uniq_jessica
D:3:      layout_loops_cross, overflow_temple_1_default,
          hellmonk_ghost_happy_afterlife, kennysheep_generic_room_2,
          uniq_natasha

Skill      XL: |  1  2  3  4 |
---------------+-------------+-----
Maces & Flails | 3 |  3.6
Fighting       | 4 |  4.1
Armour         | 4 |  4.0
Shields        | 4 |  4.1

Action                   |  1- 3 |  4- 6 || total
-------------------------+-------+-------++-------
Melee: Flail             |    54 |       ||    54
       Whip              |    85 |   158 ||   243
Armor: Scale mail        |    51 |    38 ||    89
Dodge: Dodged            |    30 |    39 ||    69
Block: Kite shield       |   100 |   103 ||   203
       Reflection        |       |     4 ||     4

Table legend: (Time is in decaauts)
 A = Elapsed time spent in this place.
 B = Non-inter-level travel time spent in this place.
 C = Inter-level travel time spent in this place.
 D = Time resting spent in this place.
 E = Time spent auto-exploring this place.
 F = Levels seen in this place.
 G = Mean time per level.
                   A        B        C        D        E       F      G
               +--------+--------+--------+--------+--------+-----+--------+
         Total |   1777 |   1724 |     53 |    104 |   1088 |   3 |  592.3 |
       Dungeon |   1777 |   1724 |     53 |    104 |   1088 |   3 |  592.3 |
               +--------+--------+--------+--------+--------+-----+--------+

Top non-repeatable levels by time:
     D:2: 890 daAuts
     D:1: 539 daAuts
     D:3: 346 daAuts
